 Dungeon Crawl Stone Soup version bcrawl-1.36 (webtiles) character file.

Game seed: 11636288769276428492

138503 Newguy the Cutter (level 5, -2/37 HPs)
             Began as a Kobold Berserker on May 27, 2022.
             Was a Believer of Trog.
             Slain by Grinder (6 damage)
             ... on level 3 of the Dungeon.
             The game lasted 00:07:29 (2168 turns).

Newguy the Cutter (Kobold Berserker)                Turns: 2168, Time: 00:07:29

Health: -2/37      AC:  3    Str: 15    XL:     5   Next: 24%
Magic:  5/5        EV: 15    Int:  9    God:    Trog [**....]
Gold:   149        SH:  0    Dex: 14    Spells: 4/4 levels left

rFire    . . .     SeeInvis .   a - +0 short sword
rCold    . . .     Gourm    .   (shield restricted)
rNeg     . . .     Faith    .   b - +0 animal skin
rPois    .         Spirit   .   (no helmet)
rElec    .         Reflect  .   (no cloak)
rCorr    .                      (no gloves)
MR       .....                  i - +0 pair of boots
Stlth    ++++......             (no amulet)
HPRegen  0.12/turn              f - ring of stealth
MPRegen  0.09/turn              (no ring)

@: no status effects
A: small, talons 1, carnivore, mutation resistance 1, sense surroundings 2
a: Berserk, Trog's Hand, Renounce Religion


You were on level 3 of the Dungeon.
You worshipped Trog.
Trog was pleased with you.
You were completely stuffed.

You visited 1 branch of the dungeon, and saw 3 of its levels.

You collected 149 gold pieces.

Inventory:

Hand Weapons
 a - a +0 short sword (weapon)
Armour
 b - a +0 animal skin (worn)
 i - a +0 pair of boots (worn)
Jewellery
 f - a ring of stealth (left hand)
Scrolls
 c - a scroll of teleportation {unknown}
 d - a scroll of fog {unknown}
 g - a scroll of amnesia {unknown}
 h - a scroll of remove curse {unknown}
Potions
 j - a potion of ambrosia {unknown}
 l - a potion of lignification {unknown}
Comestibles
 e - 4 rations {!d}
 k - 4 chunks of flesh


   Skills:
 * Level 4.2 Fighting
 + Level 5.2 Short Blades
 + Level 2.2 Armour
 + Level 3.2 Dodging
 + Level 2.6 Stealth


You had 4 spell levels left.
You didn't know any spells.
Your spell library was empty.

Dungeon Overview and Level Annotations

Branches:
Dungeon (3/12)

Altars:
Okawaru
Vehumet

Annotations:
D:2 1 exclusion
D:3 Grinder


Innate Abilities, Weirdness & Mutations

You are small and have problems with some larger weapons.
You have sharp toenails.
You are carnivorous and can eat meat at any time.
You are somewhat resistant to further mutation.
You passively map the area around you.


Message History

Grinder is moderately wounded.
Grinder drinks a potion.
Grinder flickers and vanishes!
Deactivating autopickup; reactivate with Ctrl-A.
No target in view!
No target in view!
No target in view!
You hit something. You hit something but do no damage. Something hits you!
You writhe in agony.
You hit something. Something hits you.
You miss something. Something hits you!
You writhe in agony.
You closely miss something. Pain shoots through your body!
* * * LOW HITPOINT WARNING * * *
You miss something. Something barely misses you.
You hit something but do no damage. You hit something but do no damage.
Something hits you.
* * * LOW HITPOINT WARNING * * *
You writhe in agony.
* * * LOW HITPOINT WARNING * * *
You hit something. Something hits you.
You die...

#.# #.# , , , , ..#
##'####..?...... , * ###
##.........#.#.. . * #
##........#...!.#.., ##
##.....#......#..... *,
.####......#..#.#...#.#.
***
....+......#......_.....
.####.(....#..#.#...#, ,
* ** ## ##.....#...$@{#,
,, * # ##........#.....#
##...##....#.#....
##+####.........#
####### , ##.......##
.....<# #########
#####.#* * * ,, #.# ** *
,* * * #.# , , *


There were no monsters in sight!

Vanquished Creatures
  A hound (D:3)
  3 adders
  A dart slug (D:1)
  2 leopard geckos (D:1)
  5 giant cockroaches
  4 goblins
  5 hobgoblins
  10 jackals
  4 ball pythons
  3 bats
  6 frilled lizards
  7 kobolds
  4 rats
55 creatures vanquished.

Vanquished Creatures (others)
  A quokka (D:1)
1 creature vanquished.

Grand Total: 56 creatures vanquished

Notes
Turn   | Place    | Note
-------+----------+-------------------------------------------
     0 | D:1      | Newguy the Kobold Berserker began the quest for the Orb.
     0 | D:1      | Reached XP level 1. HP: 16/16 MP: 1/1
   144 | D:1      | Reached XP level 2. HP: 19/21 MP: 2/2
   603 | D:1      | Reached XP level 3. HP: 27/27 MP: 3/3
   875 | D:2      | Reached ** piety under Trog
  1057 | D:2      | Found an iron altar of Okawaru.
  1371 | D:2      | Reached XP level 4. HP: 33/33 MP: 4/4
  1412 | D:2      | Reached skill level 1 in Stealth
  1912 | D:3      | Reached skill level 5 in Short Blades
  1912 | D:3      | Reached XP level 5. HP: 29/37 MP: 5/5
  2153 | D:3      | Noticed Grinder
  2156 | D:3      | Found a radiant altar of Vehumet.
  2168 | D:3      | Slain by Grinder

Skill      XL: |  1  2  3  4 |
---------------+-------------+-----
Fighting       | 4 |  4.2
Dodging        | 3 |  3.2
Stealth        | 2 |  2.6
Short Blades   | 5 |  5.2
Armour         | |  2.2

Action                   |  1- 3 |  4- 6 || total
-------------------------+-------+-------++-------
Melee: Short sword       |    99 |    82 ||   181
       Kick              |    15 |       ||    15
 Stab: Sleeping          |     5 |     3 ||     8
  Eat: Chunk             |    11 |     5 ||    16
Armor: Animal skin       |    17 |    15 ||    32
Dodge: Dodged            |    80 |    76 ||   156
